 Dungeon Crawl Stone Soup version 0.30-a0-170-g85af917532 (webtiles) character file.

Game seed: 14482835909381159628

1912 fish the Grappler (level 8, 0/83 HPs)
             Began as a Troll Monk on Sept 30, 2022.
             Slain by an orc
             ... wielding a +0 halberd
              (9 damage)
             ... in a bailey.
             The game lasted 00:07:23 (4184 turns).

fish the Grappler (Troll Monk)                      Turns: 4184, Time: 00:07:23

Health: 0/83       AC:  7    Str: 22    XL:     8   Next: 95%
Magic:  7/7        EV: 10    Int:  6    God:
Gold:   385        SH:  0    Dex: 12    Spells: 7/7 levels left

rFire   . . .      SeeInvis .      - Unarmed
rCold   . . .      Faith    .    (no shield)
rNeg    . . .      Spirit   .    a - +0 robe
rPois   .          Reflect  .    y - +2 hat
rElec   .          Harm     .    k - +0 cloak
rCorr   .          Rampage  .    (gloves unavailable)
Will    .....                    (boots unavailable)
Stlth   ++........               (no amulet)
HPRegen 1.03/turn                (no ring)
MPRegen 0.10/turn                (no ring)

@: on berserk cooldown, slowed, very slow
A: large, unfitting armour, claws 3, regeneration 1, shaggy fur 1, tough skin 1
a: no special abilities


You were in a bailey.
You visited 1 branch of the dungeon, and saw 8 of its levels.
You also visited: Sewer and Bailey.

You collected 385 gold pieces.

Inventory:

Armour
 a - a +0 robe (worn)
 k - a +0 cloak (worn)
 u - a scarf of repulsion
 y - a +2 hat (worn)
Jewellery
 d - a ring of protection from fire
 e - a +6 ring of dexterity
 f - an amulet of reflection
 n - an amulet of guardian spirit
Wands
 s - a wand of digging (4)
 t - a wand of polymorph (15)
 v - a wand of paralysis (13)
Scrolls
 c - 3 scrolls of identify
 h - 2 scrolls of blinking
 j - a scroll of butterflies
 l - 2 scrolls of immolation
 p - 2 scrolls of teleportation
 w - a scroll of noise {unknown}
 x - a scroll of enchant weapon
Potions
 b - 2 potions of ambrosia
 g - 4 potions of brilliance
 i - 2 potions of might
 o - 4 potions of degeneration
 q - a potion of curing
 r - a potion of cancellation {unknown}
 z - 5 potions of flight


   Skills:
 - Level 6.0 Fighting
 - Level 2.4 Dodging
 - Level 1.0 Stealth
 * Level 10.1 Unarmed Combat


You had 7 spell levels left.
You didn't know any spells.
Your spell library contained the following spells:

 Spells                   Type           Power      Damage    Failure   Level
 Apportation              Tloc           0%         N/A       45%         1
 Necrotise                Necr           0%         1d4       45%         1
 Summon Small Mammal      Summ           0%         N/A       45%         1
 Ignite Poison            Fire/Tmut/Pois 0%         N/A       83%         3
 Sticky Flame             Conj/Fire      0%         2d3       99%         4
 Ignition                 Fire           0%         3d3       100%        8


Dungeon Overview and Level Annotations

Branches:
Dungeon (8/15)              Sewer (visited)          Bailey (1/1)
 Temple: D:4-7         Lair: D:8-11

Altars:
Elyvilon

Shops:
D:2 ?

Annotations:
D:6 2 transporters


Innate Abilities, Weirdness & Mutations

You are too large for most types of armour.
You have claws for hands.
Your natural rate of healing is unusually fast.
You are covered in fur. (AC +1)
You have tough skin. (AC +1)


Message History

Things that are here:
a +0 trident; a +0 scale mail; a +0 hand axe You mangle the orc!!
You kill the orc!
The orc warrior hits you with a +0 glaive!
* * * LOW HITPOINT WARNING * * *
The orc closely misses you. The orc hits you but does no damage.
Unknown command.
You closely miss the orc warrior. You closely miss the orc warrior.
The orc warrior hits you with a +0 glaive!
* * * LOW HITPOINT WARNING * * *
The orc closely misses you. The orc hits you but does no damage.
You mangle the orc warrior!!
The orc warrior is almost dead.
The orc warrior hits you with a +0 glaive.
* * * LOW HITPOINT WARNING * * *
The orc closely misses you. x2
You are too berserk!
You barely miss the orc warrior.
The orc warrior is almost dead.
You mangle the orc warrior!!
You kill the orc warrior!
The orc barely misses you.
The orc hits you from afar with a +0 spear.
* * * LOW HITPOINT WARNING * * *
You see here a +0 war axe.
You feel a strong urge to attack something.
You are no longer berserk.
You are exhausted.
You feel yourself slow down.
You feel better.
The orc hits you from afar with a +0 halberd.
* * * LOW HITPOINT WARNING * * *
The orc hits you from afar with a +0 spear.
* * * LOW HITPOINT WARNING * * *
The orc closely misses you.
You feel better.
The orc hits you from afar with a +0 halberd!
You die...

..
###'###
##.....##
#.......#
#.......#
#.....))#
#. #.#oo#
#.##8##)#
#..#.#.@#
#.......#
#.......#
#∩.....∩#
#.......#
##..∩..##
#######


You could see 2 orcs.

Vanquished Creatures
  A cyclops (D:7)
  Eustachio (D:6)
  An orc warrior (Bailey)
  3 black bears
  An ogre (D:6)
  2 bullfrogs
  Blork the orc (D:5)
  A necrophage (D:5)
  A scorpion (D:5)
  2 hounds (D:6)
  A jelly (D:7)
  2 orc priests
  2 iguanas (D:5)
  4 orc wizards
  3 gnolls (D:5)
  15 adders
  4 river rats (Sewer)
  A shadow imp (D:7)
  An ufetubus (D:5)
  3 worms (Sewer)
  3 dart slugs
  28 orcs
  11 ball pythons
  10 endoplasms
  A giant cockroach (D:1)
  5 hobgoblins
  3 jackals (Sewer)
  3 kobolds
  5 quokkas
  13 bats
  4 frilled lizards
  7 goblins
  A rat (D:3)
144 creatures vanquished.

Notes
Turn   | Place    | Note
-------+----------+-------------------------------------------
     0 | D:1      | fish the Troll Monk began the quest for the Orb.
     0 | D:1      | Reached XP level 1. HP: 22/22 MP: 0/0
    11 | D:1      | Found a faded altar of an unknown god.
   265 | D:1      | Reached XP level 2. HP: 29/29 MP: 1/1
   695 | D:2      | Found a white marble altar of Elyvilon.
   872 | D:2      | Reached XP level 3. HP: 36/36 MP: 2/2
   886 | D:2      | Found Jotirasm's Magic Scroll Boutique.
   985 | D:3      | Reached skill level 4 in Unarmed Combat
  1069 | D:3      | Reached XP level 4. HP: 30/45 MP: 3/3
  1239 | D:3      | Identified the +2 helmet of Tender Moments {rPois rC++
                  | Int-3 Dex-2}
  1282 | D:3      | Noticed a bullfrog
  1292 | D:3      | Killed a bullfrog
  1293 | D:3      | Reached skill level 5 in Unarmed Combat
  1293 | D:3      | Reached XP level 5. HP: 32/53 MP: 4/4
  1486 | D:4      | Noticed a black bear
  1495 | D:4      | Killed a black bear
  1496 | D:4      | Reached XP level 6. HP: 52/62 MP: 5/5
  1527 | D:4      | Reached skill level 6 in Unarmed Combat
  2159 | D:5      | Entered Level 5 of the Dungeon
  2244 | D:5      | Reached XP level 7. HP: 62/70 MP: 6/6
  2278 | D:5      | Reached skill level 7 in Unarmed Combat
  2489 | D:5      | Noticed Blork the orc
  2494 | D:5      | Killed Blork the orc
  2507 | D:5      | Found a glowing drain.
  2559 | Sewer    | Entered a sewer
  2656 | Sewer    | Reached skill level 8 in Unarmed Combat
  2874 | Sewer    | Reached skill level 5 in Fighting
  3271 | D:5      | Reached XP level 8. HP: 75/80 MP: 7/7
  3721 | D:6      | Found a transporter.
  3722 | D:6      | Noticed Eustachio
  3774 | D:6      | Killed Eustachio
  3790 | D:6      | Reached skill level 9 in Unarmed Combat
  3807 | D:6      | Found a transporter.
  4033 | D:6      | You fall into a shaft and drop 2 floors!
  4058 | D:7      | Noticed a cyclops
  4083 | D:7      | Killed a cyclops
  4132 | D:7      | Found a flagged portal.
  4147 | Bailey   | Entered a bailey
  4170 | Bailey   | Reached skill level 10 in Unarmed Combat
  4178 | Bailey   | HP: 2/124 [orc warrior/+0 glaive (6)]
  4183 | Bailey   | HP: 2/83 [orc/+0 spear (5)]
  4184 | Bailey   | Slain by an orc

Illustrated notes

Levels and vault maps discovered:
D:1:      dpeg_arrival_ternary, layout_loops_ring,
          chequers_ecumenical_altar_simple, hex_large, minmay_pentomino_v2
D:2:      layout_rooms, serial_shops, shop, basic_altar,
          chequers_serial_rivers_room_a
D:3:      layout_rooms
D:4:      layout_basic
D:5:      black_bear_nest_2, layout_cave_pods, gup_sewer_entry_glass,
          hex_medium, chequers_serial_rivers_micro_e, uniq_blork_the_orc
D:6:      gammafunk_steamed_eel, layout_loops_cross, uniq_eustachio
D:7:      layout_gridville, grunt_qazlal_sundering,
          minmay_temple_entry_glassed_door, enter_bailey_4, serial_shops, shop
D:8:      layout_basic, mainiacjoe_overflow_tiny_flanked,
          mainiacjoe_overflow_catch_the_wave, ebering_ghost_reflecting_pool,
          nicolae_shop_clearance, uniq_grum
Bailey:   bailey_polearm_5, bailey

Skill      XL: |  1  2  3  4  5  6  7  8 |
---------------+-------------------------+-----
Unarmed Combat | 4 5 6 8 10 | 10.1
Fighting       | 3 4 5 6 |  6.0
Dodging        | |  2.4
Stealth        | |  1.0

Action                   |  1- 3 |  4- 6 |  7- 9 || total
-------------------------+-------+-------+-------++-------
Melee: Unarmed           |    64 |    80 |   210 ||   354
       Punch             |     1 |     4 |     9 ||    14
  Use: Scroll            |       |       |    13 ||    13
       Potion            |       |       |     3 ||     3
 Stab: Sleeping          |     2 |     3 |     2 ||     7
Armor: Robe              |    27 |    31 |    95 ||   153
Dodge: Dodged            |    26 |    29 |   132 ||   187

Table legend: (Time is in decaauts)
 A = Elapsed time spent in this place.
 B = Non-inter-level travel time spent in this place.
 C = Inter-level travel time spent in this place.
 D = Time resting spent in this place.
 E = Time spent auto-exploring this place.
 F = Levels seen in this place.
 G = Mean time per level.
                   A        B        C        D        E       F      G
               +--------+--------+--------+--------+--------+-----+--------+
         Total |   4307 |   4206 |    101 |      0 |   3179 |  10 |  430.7 |
       Dungeon |   3529 |   3428 |    101 |      0 |   2669 |   8 |  441.1 |
         Sewer |    748 |    748 |      0 |      0 |    504 |   1 |  748.0 |
        Bailey |     29 |     29 |      0 |      0 |      6 |   1 |   29.0 |
               +--------+--------+--------+--------+--------+-----+--------+

Top non-repeatable levels by time:
     D:5: 881 daAuts
   Sewer: 748 daAuts
     D:4: 669 daAuts
     D:1: 640 daAuts
     D:3: 510 daAuts
     D:6: 388 daAuts
     D:2: 328 daAuts
     D:7: 104 daAuts
  Bailey: 29 daAuts
     D:8: 6 daAuts
